Map: Acid Plant LE

Players

FiveSeven

  • Race: Terran Terran
  • League: Diamond
  • Spawn Location: 11:00

LigerMaNN - Winner!

  • Race: Zerg Zerg
  • League: Diamond
  • Spawn Location: 5:00

VOD

Have the link to the VOD?

Description

Time

  • Played on: June 22, 2018, 11:37 p.m.
  • Length: 15:02
Show
View Real Time Build Order
Export as new Build Order

FiveSeven Terran 

Build Orders: Reaper Expand, Mech 

Get SALT Encoding   

  12  0:01  SCV  
  13  0:13  SCV  
  14  0:23  Supply Depot  
  14  0:25  SCV  
  15  0:30  Refinery  
  15  0:45  SCV  
  15  0:47  Barracks  
  16  0:57  SCV  
  17  1:09  SCV  
  18  1:21  SCV  
  19  1:34  Orbital Command, Reaper  
  20  1:53  Command Center  
  20  2:00  SCV  
  21  2:10  Factory  
  21  2:14  SCV  
  22  2:21  Supply Depot, Barracks Reactor  
  22  2:26  SCV  
  22  2:29  Refinery  
  23  2:42  SCV  
  24  2:49  Supply Depot  
  24  2:54  SCV  
  25  3:04  Barracks Reactor  
  25  3:05  Factory  
  25  3:06  SCV  
  25  3:07  Orbital Command  
  25  3:11  Hellion  
  28  3:18  Hellion  
  30  3:22  SCV  
  31  3:34  SCV  
  31  3:37  SCV  
  31  3:38  Cyclone  
  36  3:46  SCV  
  36  3:49  SCV, Hellion  
  39  3:59  SCV  
  39  4:01  SCV  
  39  4:02  Command Center  
  41  4:08  Supply Depot  
  44  4:10  Cyclone  
  44  4:17  SCV x2  
  46  4:29  SCV x2  
  48  4:36  Hellion x2  
  48  4:38  Refinery x2  
  52  4:41  Cyclone, SCV x2  
  52  4:42  Cyclone  
  60  4:49  Supply Depot  
  60  4:55  SCV x2  
  62  5:00  Supply Depot  
  62  5:02  Supply Depot  
  62  5:11  Cyclone, SCV x2, Hellion  
  69  5:14  Orbital Command  
  69  5:17  Cyclone  
  72  5:32  Cyclone  
  72  5:33  SCV x2  
  77  5:43  Factory  
  77  5:44  Factory  
  77  5:45  SCV  
  77  5:46  Factory  
  77  5:47  SCV  
  79  5:51  Orbital Command  
  79  5:56  Supply Depot x2  
  79  5:57  SCV  
  79  5:58  Supply Depot  
  79  5:59  SCV  
  81  6:06  Hellion x2  
  85  6:24  Cyclone x2, SCV x2  
  85  6:25  SCV  
  87  6:31  Factory Tech Lab x3  
  87  6:32  Hellion x2  
  71  6:39  Armory  
  65  6:40  SCV x3  
  65  6:41  Armory  
  68  6:49  Infernal Pre-Igniter  
  68  6:52  Siege Tank, SCV x3  
  68  6:54  Hellion  
  76  6:56  Siege Tank  
  79  7:02  Refinery x2  
  79  7:05  SCV x3  
  80  7:17  SCV  
  80  7:22  Supply Depot  
  78  7:25  Supply Depot  
  78  7:26  Siege Tank x2  
  58  7:42  Hellion x2  
  58  7:43  Siege Tank, Hellion  
  59  7:47  SCV  
  59  7:48  SCV  
  59  7:51  Hellion  
  59  7:58  Siege Tank, Hellion  
  63  8:00  SCV  
  63  8:04  SCV  
  65  8:07  Hellion x2  
  65  8:08  Hellion  
  65  8:10  Supply Depot  
  65  8:12  SCV  
  71  8:15  Siege Tank  
  71  8:16  SCV  
  75  8:20  Terran Vehicle And Ship Armor Level 1, Terran Vehicle Weapons Level 1  
  75  8:24  Hellion  
  75  8:25  SCV  
  71  8:37  Orbital Command  
  59  8:44  Siege Tank  
  59  8:45  Hellion x2  
  60  8:48  SCV x2  
  60  8:53  Hellion  
  64  9:00  Siege Tank, SCV  
  68  9:03  SCV x2  
  70  9:12  SCV  
  70  9:15  SCV x2  
  70  9:16  Hellion  
  75  9:17  Siege Tank  
  78  9:25  SCV  
  78  9:26  Siege Tank  
  78  9:27  Hellion  
  78  9:30  SCV  
  86  9:37  SCV  
  84  9:40  Siege Tank, Orbital Command, Hellion x2  
  91  9:49  Siege Tank  
  91  9:51  SCV x2  
  96  9:54  Hellion  
  96  9:55  Hellion  
  100  10:06  Command Center  
  100  10:11  Siege Tank  
  103  10:20  Hellion x2  
  107  10:27  Terran Vehicle Weapons Level 2, Terran Vehicle And Ship Armor Level 2  
  107  10:28  SCV x2  
  107  10:30  SCV  
  110  10:40  SCV  
  110  10:41  SCV, Hellion x2  
  116  10:43  SCV  
  117  10:59  Engineering Bay  
  117  11:06  Supply Depot x2  
  117  11:07  Supply Depot  
  117  11:17  Siege Tank x2, SCV x3  
  117  11:18  Hellion x2  
  130  11:27  Hellion  
  130  11:28  Siege Tank, Hellion  
  130  11:30  SCV x4  
  141  11:39  Cyclone  
  142  11:42  SCV x2  
  142  11:46  Hellion  
  122  11:48  Hellion  
  122  11:49  Hellion  
  122  11:50  Siege Tank  
  115  11:57  Hellion  
  115  12:00  Hellion  
  112  12:18  Siege Tank, Hellion x3  
  112  12:21  Siege Tank  
  112  12:22  Siege Tank  
  121  12:24  Cyclone  
  115  12:32  Refinery x2  
  115  12:39  Hellion  
  115  12:40  Hellion x2  
  121  12:50  Refinery, Siege Tank  
  124  12:53  Siege Tank  
  124  12:54  Hellion  
  124  12:55  SCV x3  
  124  12:57  SCV  
  133  12:59  Hellion  
  133  13:04  Factory x2  
  135  13:07  SCV  
  135  13:08  Missile Turret  
  135  13:09  Missile Turret, SCV x3  
  135  13:10  Missile Turret  
  135  13:11  Hellion x3  
  145  13:15  Siege Tank  
  145  13:17  Missile Turret  
  145  13:19  Missile Turret  
  148  13:20  Hellion  
  148  13:22  Missile Turret  
  148  13:24  Missile Turret  
  150  13:27  Missile Turret  
  150  13:28  SCV x2  
  150  13:29  Missile Turret x2, SCV  
  150  13:30  Missile Turret  
  150  13:31  Missile Turret x2  
  151  13:40  SCV  
  151  13:41  SCV x2  
  152  13:42  Hellion x2  
  148  13:55  Siege Tank  
  136  14:19  SCV  
  136  14:21  SCV, Hellion  
  136  14:22  SCV, Hellion x2  
  124  14:32  SCV  
  124  14:33  SCV, Hellion  
  124  14:34  Hellion  
  125  14:44  Supply Depot  
  125  14:46  SCV x2  
  125  14:48  SCV  
Show
View Real Time Build Order
Export as new Build Order

LigerMaNN Zerg - Winner!

Build Orders: Hatch First, Swarm Host 

Get SALT Encoding   

  12  0:01  Drone  
  13  0:12  Overlord  
  13  0:17  Drone  
  14  0:30  Drone x2  
  14  0:34  Drone  
  17  0:53  Hatchery  
  17  0:55  Drone  
  17  0:59  Drone  
  18  1:10  Extractor  
  17  1:15  Spawning Pool  
  17  1:17  Drone  
  17  1:20  Drone  
  18  1:28  Drone  
  19  1:40  Drone  
  20  1:49  Overlord  
  20  2:05  Queen x2  
  20  2:06  Zergling x4  
  26  2:11  Metabolic Boost  
  26  2:19  Drone  
  26  2:20  Drone  
  28  2:34  Hatchery  
  28  2:36  Drone  
  28  3:01  Pneumatized Carapace  
  28  3:03  Drone x6  
  34  3:07  Queen  
  36  3:14  Overlord  
  36  3:16  Overlord  
  36  3:40  Drone x6  
  36  3:41  Roach Warren  
  41  3:51  Zergling x2  
  41  3:52  Zergling x4  
  41  3:53  Zergling x2  
  45  3:58  Queen  
  47  4:12  Drone  
  47  4:13  Drone x6  
  47  4:16  Extractor x2  
  52  4:30  Lair  
  52  4:33  Drone x2  
  54  4:50  Overlord  
  54  4:51  Overlord  
  54  4:57  Overlord x2  
  54  5:08  Queen x2  
  54  5:11  Roach x4  
  66  5:24  Evolution Chamber  
  66  5:26  Roach x8  
  66  5:28  Overlord x3  
  81  5:43  Overlord x3  
  81  5:48  Ravager x3  
  86  5:50  Roach x3  
  90  6:00  Roach  
  90  6:01  Roach x2  
  96  6:06  Roach  
  96  6:08  Drone  
  99  6:11  Queen  
  89  6:27  Roach x5  
  93  6:33  Glial Reconstitution  
  93  6:37  Roach x2  
  95  6:43  Roach  
  95  6:44  Drone x8  
  103  6:55  Roach x3  
  103  6:58  Ravager  
  110  7:03  Ravager  
  110  7:17  Roach  
  110  7:18  Roach x5  
  106  7:43  Roach x9  
  116  7:44  Zergling x8  
  116  7:50  Overlord  
  114  8:00  Drone x3  
  117  8:08  Ravager  
  117  8:09  Ravager  
  117  8:12  Drone x3  
  122  8:15  Extractor  
  122  8:16  Extractor  
  122  8:18  Extractor  
  122  8:19  Overlord x3  
  119  8:20  Hatchery  
  97  8:42  Zerg Ground Armor Level 1  
  97  8:43  Roach  
  97  8:44  Roach x7  
  99  8:50  Drone x4  
  103  9:04  Ravager  
  103  9:06  Hatchery  
  104  9:10  Drone x11  
  104  9:11  Hydralisk Den, Drone  
  104  9:12  Hatchery  
  113  9:24  Roach x3  
  119  9:46  Hydralisk x10  
  139  9:55  Roach x3  
  145  10:03  Drone x7  
  145  10:04  Drone  
  153  10:11  Hydralisk x2  
  157  10:15  Muscular Augments  
  157  10:21  Evolution Chamber  
  156  10:22  Hydralisk  
  156  10:23  Hydralisk x4  
  150  10:39  Drone x4  
  150  10:40  Drone x8  
  156  10:44  Overlord x2, Infestation Pit  
  156  10:45  Overlord  
  156  10:48  Extractor x2  
  153  11:12  Zerg Ground Armor Level 2  
  153  11:13  Zerg Missile Weapons Level 1  
  153  11:24  Swarm Host x8  
  177  11:25  Swarm Host  
  177  11:29  Swarm Host  
  177  11:32  Zergling x10  
  188  11:33  Zergling x16  
  139  11:56  Hydralisk  
  139  11:57  Hydralisk x11  
  159  12:13  Hydralisk x7  
  159  12:15  Zergling x14  
  172  12:29  Hydralisk x7  
  179  12:38  Swarm Host x2  
  179  12:42  Overlord x3  
  185  12:46  Hive  
  185  13:09  Hydralisk x5  
  185  13:10  Hydralisk x2  
  185  13:11  Overlord, Hatchery  
  185  13:12  Overlord x2  
  198  13:17  Spore Crawler  
  198  13:19  Spore Crawler  
  196  13:45  Hydralisk x3  
  175  14:16  Hydralisk x11  
  175  14:17  Hydralisk  
  199  14:25  Spire  
  198  14:32  Roach  
Tags
 
Add a new tag
Caveats
  • Supply blocks, unpowered buildings, or Contaminate may cause inaccurate times.
  • Supply counts are checked every 10 seconds.